itsme, lawful female human Valkyrie -------------------------------- |..............................| -----####` -.------|--------------..----- | |..<.# |.|....|..|...|....|.....|...| |...|######..|.. |..|...|....|. |..-...| |...| |.-|------|...||------|..|...| |... |......|..|...|.| |%%|.-----| ----- |*----.|..--|--.| |%%|.|....| |.|..-.-|--..{..-+-|..|.-.._.| |.|..|............@-@--.|....| |.|---|---.----|--.@@..G|....| |.|..|. |.)..|..||----------- |.|..|(( |.|..|??|. |#.| |.|..|(( |.---|(!|.. |..| |.-|------%.{.---------|------ | |...)..........)...............| -------------------------------- itsme the Fighter Experience level: 6 Strength: 18 Dexterity: 13 Constitution: 18 Intelligence: 9 Wisdom: 8 Charisma: 9 Health: 0(65) Energy: 13(13) Def: 6 Gold: 3 Moves: 1837 Dungeon seed: rXBn72g0LgM4BGeU Game ID: itsme_1478689843 Your Inventory: Coins $ - 3 gold pieces Weapons a - a +1 long sword (weapon in hand) b - a +0 dagger u - a +0 crossbow v - 19 +0 crossbow bolts Armor n - an uncursed +0 cloak of displacement (being worn) q - an uncursed +0 elven mithril-coat (being worn) Comestibles c - 2 uncursed food rations Scrolls s - an uncursed scroll of punishment Potions d - an uncursed potion of gain ability m - a cursed potion of gain ability r - an uncursed potion of speed Rings k - an uncursed ring of levitation Wands o - a wand of make invisible (0:7) Tools p - an uncursed brass lantern (0:827) Spells and supernatural/magical abilities: Name Level Category Fail Memory W - pray for help -- divine ? -- Your skills at the end: Fighting Skills Weapon Skills dagger [Basic] long sword [Basic] Spellcasting Skills Final Attributes: You were stridently aligned. You were cold resistant. You were displaced. You were stealthy. You were unlucky. You are dead. Vanquished creatures: a watchman a gnome king 5 gnome lords 2 gnomish wizards a kitten 5 monkeys an orc zombie a dwarf zombie an iguana 2 coyotes a hobbit 21 gnomes 2 gnome zombies a jackal a goblin a sewer rat a bat a lichen a kobold zombie 6 newts 56 creatures vanquished. Voluntary challenges: You had been an atheist until turn 1830. You used a wielded weapon 74 times, starting on turn 19. You read items or engraved 1 time, starting on turn 1259. You never genocided any monsters. You never polymorphed an object. You never changed form. You used no wishes. You never split a pudding. You never wrote Elbereth's name. You violated your moral code, losing 15 points of alignment, starting on turn 1835. Dungeon overview: The Dungeons of Doom: levels 1 to 2 Level 1 a long staircase Level 2 stairs to The Gnomish Mines The Gnomish Mines: levels 3 to 5 Level 3 stairs to The Dungeons of Doom Level 4 Level 5 <- You were here some shops, a temple to Odin, some fountains, a sink History has recorded: On T:1 you entered the Dungeons of Doom to retrieve the Amulet of Yendor! On T:237 you reached level 2 of The Dungeons of Doom. On T:415 you reached level 1 of The Gnomish Mines. On T:557 you advanced to experience level 2. On T:602 you advanced to experience level 3. On T:676 you advanced to experience level 4. On T:1009 you reached level 2 of The Gnomish Mines. On T:1097 you advanced to experience level 5. On T:1508 you reached level 3 of The Gnomish Mines. On T:1683 you advanced to experience level 6. Score breakdown: Gold: 3 ( 2048 points) Experience: 6 levels (12456 points) Exploration: 5 levels ( 10.42%) ( 8751 points) Discoveries: 4 items ( 1.63%) ( 3825 points) Valuables value: (no points given unless you survive) Artifact value: 0 ( 0 points) Variety of kills: 20 monsters ( 5.25%) ( 6873 points) Turncount: 1837 turns ( 0 points) Survival: died (score multiplied by 80%) Total score: 27162 Latest messages: The watchman misses. You kill the watchman! You murderer! The magic missile hits the gnome king! The watch captain swings her long sword. The watch captain hits! The watch captain swings her long sword. The watch captain hits! There are several objects here. To break wands, use the 'invoke' command (typically on 'V'). Raising your wand of magic missile high above your head, you break it in two! The watch captain is caught in the magical blast! The watchman is caught in the magical blast! (2x) You are caught in the magical blast! The watchman thrusts her spear. The watchman hits! You die... Final status: Farvel itsme the Valkyrie, killed by a watchman... You died in The Gnomish Mines on dungeon level 5 with 27162 points, and 3 pieces of gold, after 1837 moves. You were level 6 with a maximum of 65 hit points when you died.